 Dungeon Crawl Stone Soup version 0.22.0 (webtiles) character file.

168 BigChef the Skirmisher (level 5, -2/42 HPs)
             Began as a Demonspawn Chaos Knight on Aug 26, 2018.
             Killed by divine providence
             ... invoked by an orc priest
              (14 damage)
             ... on level 2 of the Dungeon.
             The game lasted 00:05:28 (1850 turns).

BigChef the Skirmisher (Demonspawn Chaos Knight)    Turns: 1850, Time: 00:05:28

Health: -2/42      AC:  6    Str: 14    XL:     5   Next: 23%
Magic:  5/5        EV: 12    Int: 13    God:    Xom [*.....]
Gold:   135        SH:  0    Dex: 12    Spells: 4/4 levels left

rFire    + . .     SeeInvis .   a - +0 falchion (chaos)
rCold    . . .     Gourm    .   (no shield)
rNeg     . . .     Faith    .   b - +2 leather armour
rPois    .         Spirit   .   f - +0 helmet
rElec    .         Reflect  .   (no cloak)
rCorr    .         Harm     .   (no gloves)
MR       .....                  (no boots)
Stlth    +.........             (no amulet)
HPRegen  0.14/turn              g - ring of wizardry
MPRegen  0.09/turn              (no ring)

@: no status effects
A: fire resistance 1, sturdy frame 2
a: Renounce Religion


You were on level 2 of the Dungeon.
You worshipped Xom.
You were a special plaything of Xom.
You were not hungry.

You visited 1 branch of the dungeon, and saw 3 of its levels.

You collected 135 gold pieces.

Inventory:

Hand Weapons
 a - a +0 falchion of chaos (weapon)
Armour
 b - a +2 leather armour (worn)
 f - a +0 helmet (worn)
Jewellery
 g - a ring of wizardry (left hand)
Scrolls
 d - a scroll of identify
 e - 2 scrolls of teleportation
Comestibles
 c - 8 rations


   Skills:
 + Level 4.1 Fighting
 + Level 4.0 Long Blades
 + Level 2.4 Armour
 + Level 1.7 Dodging
 + Level 0.7 Stealth


You had 4 spell levels left.
You didn't know any spells.
Your spell library was empty.

Dungeon Overview and Level Annotations

Branches:
Dungeon (3/15)

Altars:
Fedhas


Innate Abilities, Weirdness & Mutations

Your flesh is heat resistant. (rF+)
Your movements are less encumbered by armour. (ER -4)


Message History

The orc wizard misses you.
You barely miss the orc wizard.
The orc priest hits you with a mace of holy wrath!
You convulse!
The orc wizard closely misses you.
You are too injured to fight recklessly!
You are too injured to fight recklessly!
You are too injured to fight recklessly!
You are too injured to fight recklessly!
You are too injured to fight recklessly!
It was a potion of curing.
You feel better. The orc wizard hits you with a dagger.
The orc priest hits you with a mace of holy wrath.
You convulse.
* * * LOW HITPOINT WARNING * * *
You barely miss the orc wizard. The orc wizard misses you.
You riposte.
You barely miss the orc wizard.
The orc priest mumbles some strange prayers to Beogh against you.
Beogh smites you!
You die...
Xom cackles wildly!

#.# #.#
####.........###.# #.#
#.#####.##......###
#.# #.#
#........######## ##.#
#.# #.########.##.#
#..# ..# #.#
#.##.######.## ### #.#
#...........# #.#
####.#####.## #.#
#######.#####.# #.#
#...@o........# #.#
#.#.o...)....## #.#
#.#.###.####.# #.#
#.#.##.......#
#.#####.#......##..#
#..............##..#
###.##............#..#
#...##.####.......#..#
#.####.# #..........#


You could see an orc priest and an orc wizard.

Vanquished Creatures
  A howler monkey skeleton (D:2)
  4 gnolls
  5 adders
  An ooze (D:2)
  An adder skeleton (D:2)
  4 dart slugs (D:1)
  2 leopard geckos (D:1)
  4 giant cockroaches
  10 goblins
  4 hobgoblins
  2 jackals (D:1)
  2 kobolds
  2 quokkas (D:2)
  A ball python (D:2)
  9 bats
  2 frilled lizards
  5 rats
59 creatures vanquished.

Notes
Turn   | Place    | Note
-------+----------+-------------------------------------------
     0 | D:1      | BigChef the Demonspawn Chaos Knight began the quest for the Orb.
     0 | D:1      | Reached XP level 1. HP: 18/18 MP: 1/1
    22 | D:1      | XOM: harmless Chrm miscast
    27 | D:1      | XOM: potion effect (curing)
    36 | D:1      | XOM: silly message
    38 | D:1      | Gained mutation: Your movements are slightly less encumbered by armour. (ER -2) [demonic ancestry]
    38 | D:1      | Reached XP level 2. HP: 9/24 MP: 2/2
    45 | D:1      | XOM: harmless Necr miscast
   123 | D:1      | XOM: harmless Pois miscast
   262 | D:1      | Reached skill level 1 in Dodging
   303 | D:1      | Reached XP level 3. HP: 27/30 MP: 3/3
   618 | D:1      | XOM: smoke on damage
   629 | D:1      | Gained mutation: Your flesh is heat resistant. (rF+) [demonic ancestry]
   629 | D:1      | Reached XP level 4. HP: 3/37 MP: 4/4
   670 | D:1      | XOM: medium Tloc miscast
   671 | D:1      | Noticed a spatial vortex
   671 | D:1      | Noticed a spatial vortex
   671 | D:1      | Noticed a spatial vortex
   708 | D:1      | XOM: harmless Necr miscast
   843 | D:1      | XOM: harmless Air miscast
  1208 | D:2      | Found a blossoming altar of Fedhas.
  1512 | D:2      | Gained mutation: Your movements are less encumbered by armour. (ER -4) [demonic ancestry]
  1512 | D:2      | Reached XP level 5. HP: 36/42 MP: 5/5
  1709 | D:2      | XOM: harmless Ice miscast
  1834 | D:3      | XOM: noise
  1850 | D:2      | Killed from afar by an orc priest

Skill      XL: |  1  2  3  4  5 |
---------------+----------------+-----
Long Blades    | 3 4 |  4.0
Dodging        | 1 |  1.7
Armour         | 2 |  2.4
Fighting       | 4 |  4.1
Stealth        | |  0.7

Action                   |  1- 3 |  4- 6 || total
-------------------------+-------+-------++-------
Melee: Falchion          |    72 |    96 ||   168
  Use: Potion            |     1 |     2 ||     3
       Scroll            |       |     4 ||     4
 Stab: Petrified         |     3 |       ||     3
       Petrifying        |     1 |       ||     1
       Paralysed         |       |     1 ||     1
  Eat: Chunk             |       |     2 ||     2
       Ration            |       |     1 ||     1
Armor: Leather armour    |    35 |    46 ||    81
Dodge: Dodged            |    53 |    61 ||   114
       Rpst.: Falchion   |    12 |    23 ||    35
